AoeStats
← Ultimate_Boredom

Nomad

508393652Analyzed
4v4 RM · 11d ago on Sep 22, 2026· 56m 49s· 8 players
Game mode
Random Map
Map size
231×231
Population
200
Speed
Normal
Resources
Standard
Victory
Conquest
Starting age
Dark Age
Ending age
Imperial Age
RankedLock teamsTeams togetherTeam positionsShared explorationLock speedFull tech treeHidden civsTurbo modeCheats
Victory
Defeat
🇨🇳 Inca · China
1331
+13
🇭🇰 Magyars · Hong Kong SAR China
1329
+14
🇱🇾 Lithuanians · Libya
1236
+17
🇦🇺 Gurjaras · Australia
1223
+18
🇧🇷 Armenians · Brazil
1290
-16
🇭🇺 Bulgarians · Hungary
1282
-16
🇭🇺 Wei · Hungary
1262
-15
🇬🇧 Sicilians · United Kingdom
1250
-15
IRM | Kaimatano
9:28 Loom
14:51 Feudal Age
16:23 Double-Bit Axe
19:43 Fletching
25:22 Castle Age
23:30 Horse Collar
31:51 Wheelbarrow
33:13 Bow Saw
32:57 Stone Mining
38:54 Imperial Age
36:31 Gold Mining
36:42 Bodkin Arrow
39:00 Ballistics
38:44 Padded Archer Armor
40:42 Chemistry
40:12 Hand Cart
39:43 Town Watch
40:15 Pikeman
42:58 Bracer
42:58 Scale Mail Armor
43:09 Forging
46:02 Halberdier
46:43 Squires
46:08 Halberdier
47:06 Leather Archer Armor
47:26 Iron Casting
47:06 Chain Mail Armor
49:52 Squires
52:18 Elite Skirmisher
54:20 Masonry
55:17 Conscription
Ultimate_Boredom
5:44 Loom
13:25 Feudal Age
14:19 Double-Bit Axe
14:22 Arson
14:28 Fishing Lines
15:12 Horse Collar
16:28 Scale Mail Armor
17:37 Fletching
18:57 Forging
19:01 Town Watch
28:08 Castle Age
41:44 Heavy Plow
47:42 Scale Barding Armor
47:54 Light Cavalry
49:48 Husbandry
51:09 Wheelbarrow
51:22 Bow Saw
52:22 Bloodlines
54:54 Hand Cart
Wololooo
3:04 Loom
14:20 Feudal Age
15:10 Double-Bit Axe
17:31 Fishing Lines
21:58 Castle Age
20:13 Arson
20:31 Scale Mail Armor
20:41 Forging
21:59 Demolition Ship
23:01 Medium Warships
23:37 Iron Casting
23:18 Chain Mail Armor
22:51 Gambesons
23:06 Squires
29:39 Wheelbarrow
32:09 Gold Mining
35:17 Pikeman
36:37 Hand Cart
39:06 Gillnets
40:47 Bow Saw
42:53 Gold Shaft Mining
45:45 Imperial Age
43:43 Scale Barding Armor
47:13 Bagains
48:34 Blast Furnace
48:31 Plate Mail Armor
48:26 Halberdier
52:20 Conscription
53:42 Horse Collar
Chungus
7:53 Loom
15:18 Feudal Age
16:18 Fishing Lines
17:53 Horse Collar
21:07 Castle Age
21:04 Wheelbarrow
21:43 Fletching
22:20 Medium Warships
22:02 Gillnets
23:38 Gold Mining
25:11 Scale Barding Armor
25:16 Forging
27:01 Iron Casting
26:51 Chain Barding Armor
27:22 Bloodlines
28:19 Husbandry
32:14 Gold Shaft Mining
32:47 Iron Casting
32:48 Double-Bit Axe
35:46 Heavy Plow
39:43 Imperial Age
40:13 Padded Archer Armor
39:58 Heavy Hei Guang Cavalry
41:41 Blast Furnace
42:39 Hand Cart
42:32 Town Watch
47:44 Ming Guang Armor
47:39 Conscription
51:55 Caravan
52:35 Bow Saw
52:36 Bodkin Arrow
小心,有诈。
5:04 Loom
15:05 Feudal Age
16:04 Double-Bit Axe
16:03 Horse Collar
19:44 Castle Age
21:24 Fletching
22:43 Scale Mail Armor
22:54 Forging
22:44 Stone Mining
24:06 Gold Mining
28:00 Chain Mail Armor
31:41 Wheelbarrow
34:15 Iron Casting
34:54 Hand Cart
35:05 Town Watch
35:54 Bow Saw
41:17 Imperial Age
40:04 Gold Shaft Mining
40:04 Stone Shaft Mining
40:13 Stone Shaft Mining
40:13 Gold Shaft Mining
39:40 Heavy Plow
42:33 Plate Mail Armor
42:28 Conscription
42:07 Elite Kamayuk
44:37 Blast Furnace
44:03 Capped Ram
46:06 Chemistry
45:40 Thumb Ring
45:18 Siege Ram
45:19 Onager
48:11 Bodkin Arrow
48:16 Padded Archer Armor
48:57 Bracer
50:04 Leather Archer Armor
50:13 Ballistics
49:33 Treadmill Crane
50:05 Town Patrol
51:06 Andean Sling
51:18 Fabric Shields
52:10 Ring Archer Armor
55:06 Caravan
ufokinw0tm8
10:35 Loom
14:04 Feudal Age
14:51 Town Watch
20:23 Fletching
23:16 Castle Age
24:12 Medium Warships
25:33 Bodkin Arrow
25:44 Fishing Lines
27:00 Wheelbarrow
27:10 Double-Bit Axe
56:08 Gillnets
salah.7nwiji
6:20 Loom
13:30 Feudal Age
14:30 Fishing Lines
17:29 Castle Age
15:40 Double-Bit Axe
17:00 Forging
19:21 Iron Casting
18:40 Gillnets
19:00 Medium Warships
21:32 Medium Warships
23:12 Bloodlines
27:27 Horse Collar
29:11 Wheelbarrow
28:49 Husbandry
30:35 Hand Cart
32:23 Scale Barding Armor
33:51 Heavy Plow
38:51 Imperial Age
36:58 Chain Barding Armor
38:16 Masonry
39:50 Gold Mining
39:52 Stone Mining
40:22 Bow Saw
39:50 Cavalier
41:41 Plate Barding Armor
42:06 Stone Shaft Mining
42:56 Conscription
43:16 Architecture
43:47 Chemistry
43:19 Architecture
43:52 Two-Man Saw
43:30 Crop Rotation
44:49 Hoardings
45:50 Guilds
45:08 Paladin
46:21 Padded Archer Armor
46:12 Fletching
47:43 Bodkin Arrow
49:44 Leather Archer Armor
51:10 Ring Archer Armor
50:54 Treadmill Crane
51:57 Capped Ram
52:53 Murder Holes
53:20 Ballistics
53:02 Bracer
动车的车头
12:04 Loom
13:50 Feudal Age
15:48 Loom
18:17 Castle Age
16:03 Fishing Lines
16:42 Fletching
16:53 Padded Archer Armor
19:23 Double-Bit Axe
20:45 Bow Saw
20:38 Bodkin Arrow
22:24 Leather Archer Armor
22:53 Wheelbarrow
22:42 Horse Collar
23:28 Gillnets
24:59 Husbandry
27:19 Hand Cart
28:06 Ballistics
33:32 Imperial Age
31:55 Thumb Ring
32:13 Gold Mining
33:22 Heavy Plow
34:16 Bracer
35:19 Chemistry
35:23 Two-Man Saw
35:20 Parthian Tactics
36:04 Ring Archer Armor
36:58 Gold Shaft Mining
36:13 Stone Mining
36:25 Treadmill Crane
36:56 Masonry
36:34 Capped Ram
39:44 Crop Rotation
39:15 Heavy Cavalry Archer
40:07 Bloodlines
42:43 Conscription
42:25 Corvinian Army
45:59 Siege Engineers
52:18 Recurve Bow
Connection lost

Rejoining the realm…

Still unreachable

The connection could not be restored.

Session expired

The server has moved on; the page needs a fresh start.